 Dungeon Crawl Stone Soup version 0.28-a0-620-g539b0f7ac7 (webtiles) character file.

Game seed: 9893440623283994802

132456 freelancePsychic the Eclecticist (level 17, -11/144 HPs)
             Began as a Djinni Conjurer on Oct 6, 2021.
             Was the Champion of Makhleb.
             Killed from afar by an eleionoma (51 damage)
             ... with a spray of wooden splinters
             ... on level 2 of the Swamp.
             The game lasted 01:05:40 (25395 turns).

freelancePsychic the Eclecticist (Djinni Conjurer) Turns: 25395, Time: 01:05:41

Health: -11/144    AC: 10    Str: 10    XL:     17   Next: 69%
Gold:   2379       EV: 19    Int: 36    God:    Makhleb [******] SH: 19 Dex: 17

rFire   + + +      SeeInvis .   H - +7 short sword of Magnificence {freeze, rF+ Will+ Str+4 Int+4}
rCold   . . .      Faith    .   W - +0 tower shield
rNeg    . . .      Spirit   .   E - +2 robe {rC+ rF+}
rPois   ∞          Reflect  .   u - +3 hat of Pondering {ponderous, Will+ MP+10 Int+5}
rElec   +          Harm     .   e - +2 cloak
rCorr   .          Rampage  .   (no gloves)
Will    ++++.                   (boots unavailable)
Stlth   ++........              z - amulet of regeneration
HPRegen 1.34/turn               N - ring of Rounis {Fly rElec rF- EV+4 Dex+5}
MPRegen 0.00/turn               r - ring of willpower

@: marked, flying, studying 2 skills, slow
A: sickness immunity, fire resistance 2, cold vulnerability 1, float, innate
caster, hp casting, extra vitality 1, robust 1
a: Renounce Religion, Minor Destruction, Lesser Servant of Makhleb, Major
Destruction, Greater Servant of Makhleb


You were on level 2 of the Swamp.
You worshipped Makhleb.
Makhleb was exalted by your worship.
You visited 6 branches of the dungeon, and saw 29 of its levels.
You visited 1 bazaar.
You also visited: Sewer and Gauntlet.

You collected 4081 gold pieces.
You spent 1702 gold pieces at shops.

Inventory:

Hand Weapons
 H - the +7 short sword of Magnificence (weapon) {freeze, rF+ Will+ Str+4 Int+4}
   (You bought it in a shop on level 11 of the Dungeon)

   It freezes those it strikes, dealing additional cold damage.
   It can also slow down cold-blooded creatures.
   Str:       It affects your strength (+4).
   Int:       It affects your intelligence (+4).
   rF:        It protects you from fire.
   Will:      It increases your willpower.
 M - the +9 staff of Wucad Mu {*channel}
   (You found it in a Gauntlet)

   It occasionally powers its wielder's spells, but with a chance of causing
   confusion or draining the wielder's intelligence.
   It becomes more likely to activate and less likely to backfire with increased
   Evocations skill.
Missiles
 c - 302 stones
Armour
 e - a +2 cloak (worn)
 n - a +1 helmet of intelligence
 o - a +2 troll leather armour
 u - the +3 hat of Pondering (worn) {ponderous, Will+ MP+10 Int+5}
   (You took it off Gastronok on level 2 of the Lair of Beasts)

   Int:       It affects your intelligence (+5).
   MP:        It affects your magic capacity (+10).
   Will:      It increases your willpower.
 E - a +2 robe of resistance (worn)
 V - a +0 buckler
 W - a +0 tower shield (worn)
Magical Staves
 P - a staff of fire
Jewellery
 r - a ring of willpower (right hand)
 z - an amulet of regeneration (around neck)
 G - a ring of positive energy
 K - a ring of see invisible
 N - the ring of Rounis (left hand) {Fly rElec rF- EV+4 Dex+5}
   (You found it in a Gauntlet)

   [ring of evasion]

   EV:        It affects your evasion (+4).
   Dex:       It affects your dexterity (+5).
   rF:        It makes you vulnerable to fire.
   rElec:     It insulates you from electricity.
   Fly:       It grants you flight.
 T - a +4 ring of protection
 U - a +6 ring of dexterity
Wands
 g - a wand of paralysis (16)
 q - a wand of mindburst (14)
 v - a wand of charming (8)
 w - a wand of acid (50)
 y - a wand of digging (10)
 B - a wand of iceblast (49)
 C - a wand of flame (98)
Scrolls
 a - 2 scrolls of brand weapon
 b - 5 scrolls of fear
 d - 6 scrolls of blinking
 j - 14 scrolls of teleportation {@r4}
 t - 3 scrolls of summoning
 x - 2 scrolls of vulnerability
 A - 3 scrolls of fog
 F - 2 scrolls of holy word
 L - 5 scrolls of identify {@r1}
 O - 2 scrolls of magic mapping
 Q - a scroll of silence
 R - 3 scrolls of immolation
 Z - 2 scrolls of enchant weapon
Potions
 f - 3 potions of mutation
 h - a potion of heal wounds {@q2}
 i - 5 potions of might
 k - 2 potions of cancellation
 l - a potion of haste {@q3}
 m - 4 potions of brilliance
 p - 3 potions of lignification
 s - 4 potions of curing {@q1}
 D - a potion of attraction
 I - 5 potions of ambrosia
 J - a potion of invisibility


   Skills:
 - Level 15.6 Fighting
 + Level 9.8 Dodging
 - Level 1.5 Stealth
 + Level 13.8 Shields
 + Level 17.4 Spellcasting


You had 7 spell levels left.
You knew the following spells:

 Your Spells              Type           Power      Damage    Failure   Level
a - Ignite Poison         Fire/Tmut/Pois 100%       N/A       0%          3
b - Starburst             Conj/Fire      51%        6d14      1%          6
c - Eringya's Noxious Bo  Tmut/Pois      51%        N/A       1%          6
d - Iskenderun's Mystic   Conj/Tloc      100%       2d19      1%          4
e - Fulminant Prism       Conj/Hex       51%        3d23      1%          4
f - Yara's Violent Unrav  Hex/Tmut       51%        3d20      1%          5
g - Animate Dead          Necr           51%        N/A       1%          4
h - Dazzling Flash        Conj/Hex       100%       N/A       0%          3
i - Sandblast             Erth           100%       2d20      0%          1
j - Corpse Rot            Necr/Air       N/A        N/A       0%          2
k - Magic Dart            Conj           100%       1d8       0%          1
l - Poisonous Vapours     Pois/Air       100%       N/A       0%          2
m - Searing Ray           Conj           100%       2d8       0%          2
Your spell library was empty.

Dungeon Overview and Level Annotations

Branches:
Dungeon (15/15)            Temple (1/1) D:7            Lair (6/6) D:9
  Swamp (2/4) Lair:2       Spider (3/4) Lair:2        Slime (0/5) Lair:6
    Orc (2/2) D:11            Elf (0/3) Orc:2        Vaults (0/5) D:13
 Depths (0/4) D:15          Sewer (visited)         Gauntlet (visited)

Altars:
Ashenzari
Cheibriados
Dithmenos
Elyvilon
Fedhas
Gozag
Hepliaklqana
Kikubaaqudgha
Makhleb
Nemelex Xobeh
Okawaru
Qazlal
Ru
Sif Muna
Trog
Uskayaw
Vehumet
Wu Jian
Xom
Yredelemnul
Zin
The Shining One
Beogh
Jiyva

Shops:
D:1 (   D:11 *   Orc:2 ?*(!

Annotations:
D:5 2 runed translucent doors, iamoutofideas's ghost, amateur HOMo
Swamp:2 Roxanne
Spider:1 2 transporters, Dosmip's ghost, adept MiBe


Innate Abilities, Weirdness & Mutations

You are immune to sickness and miasma.
You are immune to poison.
Your flesh is very heat resistant. (rF++)
You are vulnerable to cold. (rC-)
You float through the air rather than walking.
You learn spells naturally, not from books.
Your magical power is your life essence.
You have superior vitality. (+4 HP)
You are robust. (+10% HP)


Message History

The eleionoma is engulfed in a cloud of scalding steam.
The eleionoma hurls a spray of splinters at you.
The spray of wooden splinters hits you.
The alligator puts on a burst of speed!
You are too injured to fight recklessly!
You are too injured to fight recklessly!
You are too injured to fight recklessly!
You are too injured to fight recklessly!
You are too injured to fight recklessly!
You are too injured to fight recklessly!
Casting: Starburst (mildly dangerous; 1% risk of failure)
Confirm with . or Enter, or press ? or * to list all spells.
You ignite the poison in your surroundings!
The eleionoma is engulfed in a cloud of scalding steam.
The eleionoma touches a tree and draws upon its vitality.
The eleionoma is healed.
The alligator is engulfed in a cloud of scalding steam.
Unknown command.
Casting: Ignite Poison (safe; 0% risk of failure)
Confirm with . or Enter, or press ? or * to list all spells.
Casting: Eringya's Noxious Bog (mildly dangerous; 1% risk of failure)
Press: ? - help, Dir - look around, f - activate
Okay, then.
Casting: Eringya's Noxious Bog (mildly dangerous; 1% risk of failure)
Confirm with . or Enter, or press ? or * to list all spells.
Casting: Starburst (mildly dangerous; 1% risk of failure)
Press: ? - help, Dir - look around, f - activate The bolt of fire misses the eleionoma.
The bolt of fire hits the alligator!!!
The alligator is severely wounded.
The eleionoma is engulfed in a cloud of scalding steam.
The eleionoma hurls a spray of splinters at you.
The spray of wooden splinters misses you.
The eleionoma is engulfed in a cloud of scalding steam.
The eleionoma hurls a spray of splinters at you.
The spray of wooden splinters hits you!!
The spriggan air mage waves its arms in wide circles.
The air twists around and strikes you!!
* * * LOW HITPOINT WARNING * * *
The eleionoma hurls a spray of splinters at you.
The spray of wooden splinters hits you!!!
You die...

≈≈.≈≈§..≈ ♣..
≈≈§≈...≈≈≈.......≈ ..♣≈..
.≈≈≈..≈§≈≈≈≈.8.... ..≈♣...
.≈≈...≈§≈≈≈≈...§≈.
...≈≈≈≈♣♣..?.≈≈≈≈≈≈...≈≈≈†
.≈....≈≈≈..≈≈≈≈≈§≈...≈≈≈≈≈
≈≈≈.≈$≈...§≈≈≈§≈≈≈≈≈≈≈≈≈≈.
≈≈≈≈......§≈≈§≈≈≈≈≈≈≈≈≈§≈.
≈≈§≈..§§§@<.≈§.≈≈≈≈≈≈≈≈≈≈≈
≈≈!≈≈≈§§§≈.♣...≈....≈§≈≈≈.
≈≈≈§§§§§≈≈....♣♣♣♣..≈≈≈≈≈≈
≈≈≈≈§§≈.R≈..≈.♣♣♣≈♣.≈≈≈≈≈≈
≈...≈§.≈♣°it..†...≈.≈≈≈≈≈≈
.♣≈§≈≈≈.♣♣○........≈.≈≈§≈≈
♣≈..^..♣♣≈(§≈≈.≈≈...≈≈≈≈≈
♣§♣♣≈♣§♣♣♣.≈≈≈≈≈≈..♣.≈≈§≈
♣♣ ♣♣♣♣♣ ♣.≈≈§≈.≈♣♣♣♣..≈≈


You could see an eleionoma, an alligator (swift) and a spriggan air mage (repels
missiles).

Vanquished Creatures
  Mlioglotl (Swamp:1)
  Rupert (D:13)
  Gastronok (Lair:2)
  An orc warlord (Orc:1)
  An emperor scorpion (Spider:2)
  A ghost moth (Spider:3)
  Nessos (D:13)
  An entropy weaver (Spider:1)
  A minotaur (Gauntlet)
  A bunyip (Swamp:1)
  Azrael (D:15)
  2 eleionomae
  A fire dragon (D:15)
  6 vault guards (D:13)
  An ice dragon (D:15)
  5 boulder beetles
  2 ghost crabs
  Fannar (D:12)
  2 ogre magi
  12 hydras
  A catoblepas (Lair:6)
  4 centaur warriors
  10 two-headed ogres
  5 alligators
  A tengu warrior (D:14)
  4 orc high priests (Orc:2)
  Sonja (D:12)
  Urug (Lair:2)
  5 skeletal warriors (D:14)
  4 goliath frogs
  A spriggan druid (Swamp:2)
  A deep elf pyromancer (D:13)
  2 orc knights (D:15)
  An orb spider (Spider:2)
  13 cyclopes
  8 wolf spiders
  3 will-o-the-wisps (Swamp:2)
  7 ugly things
  3 orc sorcerers
  6 manticores
  6 elephants (Lair:4)
  A rust devil (Gauntlet)
  Maurice (D:8)
  7 black mambas
  An ice statue (Lair:6)
  A black mamba (shapeshifter) (D:13)
  18 cane toads
  A torpor snail (Gauntlet)
  A gargoyle (D:7)
  An efreet (D:10)
  Psyche (D:9)
  An unseen horror (D:11)
  5 rime drakes
  A kobold demonologist (D:11)
  3 demonic crawlers
  A freezing wraith (Lair:6)
  8 komodo dragons
  4 yaktaurs (D:15)
  9 trolls
  A bloated husk (Swamp:1)
  9 hornets
  A meliai (shapeshifter) (D:10)
  7 polar bears
  6 jumping spiders
  Prince Ribbit (D:6)
  Grinder (D:6)
  8 tyrant leeches
  19 blink frogs
  12 dream sheep
  4 slime creatures (D:13)
  Sigmund (D:3)
  A centaur simulacrum (D:10)
  15 spriggans
  A shadow (D:11)
  26 redbacks
  4 wyverns
  7 tarantellas
  2 wraiths
  A ynoxinul (Gauntlet)
  2 water elementals (D:15)
  3 fire elementals (D:15)
  42 yaks
  4 vampire mosquitoes
  7 basilisks
  Edmund (D:4)
  Menkaure (D:6)
  2 steam dragons
  4 wargs
  7 swamp worms
  19 water moccasins
  4 acid dragons
  5 hell hounds (D:15)
  7 ice beasts
  Purgy (Sewer)
  34 orc warriors
  3 sky beasts
  9 black bears
  A hornet zombie (D:8)
  A black bear (shapeshifter) (D:10)
  4 boggarts (Lair:6)
  37 wolves
  8 ogres
  8 centaurs
  2 kobold brigands
  4 scorpions
  13 bullfrogs
  2 wyvern skeletons
  10 killer bees
  19 wights
  2 howler monkeys
  2 electric eels
  2 centaur zombies
  2 hounds (D:5)
  2 lava snakes (Orc:1)
  3 jellies
  28 orc priests
  Crazy Yiuf (D:6)
  A bullfrog skeleton (D:6)
  3 iron imps (Gauntlet)
  19 orc wizards
  A hound skeleton (D:5)
  3 gnolls (D:5)
  14 adders
  A shadow imp (D:6)
  4 white imps
  3 worms
  A dart slug (D:2)
  51 orcs
  3 endoplasms
  7 giant cockroaches
  7 goblins
  9 hobgoblins
  8 jackals
  17 kobolds
  4 quokkas
  4 ball pythons
  5 bats
  6 frilled lizards
  8 rats
807 creatures vanquished.

Vanquished Creatures (collateral kills)
  A wraith (D:10)
  An acid dragon (D:10)
  A wight (D:10)
3 creatures vanquished.

Vanquished Creatures (others)
  Frances (D:13)
  Louise (D:15)
  An entropy weaver (Spider:2)
  2 vault guards (D:13)
  A catoblepas (D:14)
  A centaur warrior (D:14)
  A two-headed ogre (D:13)
  A wolf spider (Spider:1)
  A torpor snail (Lair:6)
  A yaktaur (D:13)
  A demonic crawler (Spider:2)
  A polar bear (Lair:6)
  2 jumping spiders
  10 redbacks
  4 tarantellas (Spider:2)
  14 yaks (Lair:6)
  4 orc warriors
  2 ogres
  2 wolves (Lair:6)
  3 centaurs (D:14)
  12 orc priests
  9 orc wizards (Orc:2)
  27 orcs
  18 foxfires (Swamp:2)
  28 fulminant prisms
  33 fungi
  42 plants
  5 toadstools (D:1)
  15 withered plants (Gauntlet)
243 creatures vanquished.

Grand Total: 1053 creatures vanquished

Notes
Turn   | Place    | Note
-------+----------+-------------------------------------------
     0 | D:1      | freelancePsychic the Djinni Conjurer began the quest for
                  | the Orb.
     0 | D:1      | Reached XP level 1. HP: 15/15 MP: 0/0
   279 | D:1      | Reached XP level 2. HP: 17/22 MP: 0/0
   412 | D:1      | Found Tiopn's Antique Weapon Emporium.
   576 | D:1      | Reached skill level 1 in Fighting
   940 | D:1      | Reached XP level 3. HP: 23/27 MP: 0/0
   940 | D:1      | Learned a level 1 spell: Sandblast
  2492 | D:2      | Reached XP level 4. HP: 30/32 MP: 0/0
  2578 | D:2      | Reached skill level 4 in Spellcasting
  2824 | D:3      | Reached XP level 5. HP: 32/38 MP: 0/0
  2824 | D:3      | Learned a level 2 spell: Corpse Rot
  3020 | D:3      | Noticed Sigmund
  3038 | D:3      | Killed Sigmund
  3039 | D:3      | Reached skill level 5 in Spellcasting
  3039 | D:3      | Reached XP level 6. HP: 41/46 MP: 0/0
  3533 | D:4      | Noticed Edmund
  3639 | D:4      | Found a glowing drain.
  3643 | Sewer    | Entered a sewer
  3773 | Sewer    | Noticed Purgy
  3784 | Sewer    | Killed Purgy
  3785 | Sewer    | Reached XP level 7. HP: 38/51 MP: 0/0
  3785 | Sewer    | Learned a level 2 spell: Poisonous Vapours
  4613 | D:4      | Killed Edmund
  4614 | D:4      | Reached skill level 6 in Spellcasting
  4614 | D:4      | Reached XP level 8. HP: 30/58 MP: 0/0
  5209 | D:5      | Entered Level 5 of the Dungeon
  5677 | D:6      | Reached skill level 5 in Fighting
  5692 | D:6      | Noticed Prince Ribbit
  5698 | D:6      | Noticed Menkaure
  5706 | D:6      | Killed Prince Ribbit
  5724 | D:6      | Killed Menkaure
  5725 | D:6      | Reached skill level 7 in Spellcasting
  5904 | D:6      | Noticed Grinder
  5923 | D:6      | Killed Grinder
  5924 | D:6      | Reached XP level 9. HP: 49/66 MP: 0/0
  5924 | D:6      | Learned a level 3 spell: Ignite Poison
  6180 | D:6      | Reached skill level 8 in Spellcasting
  6525 | D:6      | Found a runed translucent door.
  6526 | D:6      | Noticed Crazy Yiuf
  7041 | D:5      | Found a shimmering altar of Xom.
  7262 | D:5      | Found a shadowy altar of Dithmenos.
  7405 | D:5      | Found a runed translucent door.
  7411 | D:5      | Noticed iamoutofideas's ghost (amateur HOMo)
  7492 | D:5      | Found a runed translucent door.
  7966 | D:6      | Killed Crazy Yiuf
  8152 | D:7      | Noticed a gargoyle
  8610 | D:7      | Reached XP level 10. HP: 68/75 MP: 0/0
  8657 | D:7      | Found a staircase to the Ecumenical Temple.
  8754 | Temple   | Entered the Ecumenical Temple
  8948 | Temple   | Became a worshipper of Ru the Awakened
  8978 | D:7      | Reached skill level 9 in Spellcasting
  9110 | Temple   | Fell from the grace of Ru
  9110 | Temple   | Became a worshipper of Makhleb the Destroyer
  9303 | D:7      | Killed a gargoyle
  9924 | D:8      | Noticed a two-headed ogre
  9932 | D:8      | Killed a two-headed ogre
  9933 | D:8      | Reached skill level 10 in Spellcasting
 10265 | D:8      | Noticed Maurice
 10274 | D:8      | Reached * piety under Makhleb
 10277 | D:8      | Killed Maurice
 10278 | D:8      | Reached XP level 11. HP: 62/84 MP: 0/0
 10278 | D:8      | Learned a level 4 spell: Animate Dead
 10469 | D:9      | Noticed Psyche
 10473 | D:9      | Killed Psyche
 10568 | D:9      | Reached skill level 11 in Spellcasting
 10846 | D:9      | Found a staircase to the Lair.
 10906 | D:9      | Reached ** piety under Makhleb
 10973 | D:9      | Found a blossoming altar of Fedhas.
 10981 | D:9      | Reached skill level 10 in Fighting
 10990 | D:9      | Identified a scroll of acquirement
 10992 | D:9      | Acquired a +1 helmet of intelligence
 11371 | D:10     | Entered Level 10 of the Dungeon
 11520 | D:10     | Identified the +9 flail of Truncation {drain, Str+4}
 11629 | D:10     | Found a basalt altar of Yredelemnul.
 11677 | D:10     | Noticed a boulder beetle
 11680 | D:10     | Killed a boulder beetle
 11689 | D:10     | Noticed a cyclops
 11695 | D:10     | Noticed a cyclops
 11695 | D:10     | Noticed a manticore
 11695 | D:10     | Noticed an ogre mage
 11698 | D:10     | Killed a cyclops
 11699 | D:10     | Noticed a manticore
 11707 | D:10     | Killed a manticore
 11709 | D:10     | Reached XP level 12. HP: 26/92 MP: 0/0
 11710 | D:10     | Gained mutation: You are agile. (Dex +2) [potion of
                  | mutation]
 11710 | D:10     | Gained mutation: You are robust. (+10% HP) [potion of
                  | mutation]
 11720 | D:10     | Reached skill level 12 in Spellcasting
 11895 | D:10     | Noticed a boulder beetle
 11920 | D:10     | Killed a boulder beetle
 12225 | D:11     | Noticed a two-headed ogre
 12228 | D:11     | Killed a two-headed ogre
 12270 | D:11     | Noticed a two-headed ogre
 12273 | D:11     | Killed a two-headed ogre
 12496 | D:11     | Found Meanneoxt's Assorted Antiques.
 12504 | D:11     | Bought an encrusted short sword for 192 gold pieces
 12504 | D:11     | Identified the +7 short sword of Magnificence {freeze, rF+
                  | Will+ Str+4 Int+4} (You bought it in a shop on level 11 of
                  | the Dungeon)
 12531 | D:11     | Noticed a two-headed ogre
 12536 | D:11     | Killed a two-headed ogre
 12537 | D:11     | Reached skill level 13 in Spellcasting
 12608 | D:11     | Noticed a two-headed ogre
 12613 | D:11     | Killed a two-headed ogre
 12614 | D:11     | Reached skill level 1 in Shields
 12680 | D:11     | Reached *** piety under Makhleb
 12898 | D:11     | Found a staircase to the Orcish Mines.
 13070 | Lair:1   | Entered Level 1 of the Lair of Beasts
 13107 | Lair:1   | Reached XP level 13. HP: 110/110 MP: 0/0
 13107 | Lair:1   | Learned a level 5 spell: Yara's Violent Unravelling
 13233 | Lair:1   | Reached **** piety under Makhleb
 13377 | Lair:1   | Noticed an eight-headed hydra
 13387 | Lair:1   | Killed an eight-headed hydra
 13784 | Lair:2   | Noticed Urug
 13784 | Lair:2   | Noticed a boulder beetle
 13792 | Lair:2   | Killed Urug
 13870 | Lair:2   | Reached skill level 5 in Shields
 13889 | Lair:2   | Killed a boulder beetle
 13967 | Lair:2   | Reached ***** piety under Makhleb
 13967 | Lair:2   | Noticed a seven-headed hydra
 13969 | Lair:2   | Noticed Gastronok
 13984 | Lair:2   | Killed a seven-headed hydra
 14043 | Lair:2   | Killed Gastronok
 14067 | Lair:2   | You are sucked into a shaft and drop 2 floors!
 14219 | Lair:4   | Reached XP level 14. HP: 112/121 MP: 0/0
 14310 | Lair:4   | Reached skill level 14 in Spellcasting
 15257 | Lair:6   | Entered Level 6 of the Lair of Beasts
 15343 | Lair:6   | Found a viscous altar of Jiyva.
 15345 | Lair:6   | Found a staircase to the Slime Pits.
 15565 | Lair:3   | Found a gate leading to a gauntlet.
 15575 | Gauntlet | Entered a Gauntlet
 15575 | Gauntlet | Found a large runed translucent door.
 15575 | Gauntlet | Found a large runed translucent door.
 15575 | Gauntlet | Found a large runed translucent door.
 15575 | Gauntlet | Found a large runed translucent door.
 15575 | Gauntlet | Found a runed translucent door.
 15575 | Gauntlet | Found a large runed translucent door.
 15575 | Gauntlet | Found a large runed translucent door.
 15575 | Gauntlet | Found a transporter.
 15575 | Gauntlet | Found a transporter.
 15575 | Gauntlet | Found a large runed translucent door.
 15575 | Gauntlet | Found a large runed translucent door.
 15575 | Gauntlet | Found a runed translucent gate.
 15575 | Gauntlet | Found a runed translucent gate.
 15575 | Gauntlet | Found a transporter.
 15575 | Gauntlet | Found a transporter.
 15579 | Gauntlet | Found a transporter.
 15579 | Gauntlet | Found a transporter.
 15593 | Gauntlet | Found a transporter.
 15593 | Gauntlet | Found the +9 staff of Wucad Mu {*channel}
 15595 | Gauntlet | Found a transporter.
 15603 | Gauntlet | Found a transporter.
 15677 | Gauntlet | Found a runed translucent door.
 15678 | Gauntlet | Found a large runed translucent door.
 15678 | Gauntlet | Found a large runed translucent door.
 15678 | Gauntlet | Found a large runed translucent door.
 15678 | Gauntlet | Found a large runed translucent door.
 15679 | Gauntlet | Found a large runed translucent door.
 15679 | Gauntlet | Found a large runed translucent door.
 15680 | Gauntlet | Found a large runed translucent door.
 15680 | Gauntlet | Found a large runed translucent door.
 15689 | Gauntlet | Found a runed translucent gate.
 15707 | Gauntlet | Found a transporter.
 15709 | Gauntlet | Found a transporter.
 15721 | Gauntlet | Found a transporter.
 15904 | Gauntlet | Identified the ring of Rounis {Fly rElec rF- EV+4 Dex+5}
 15967 | Gauntlet | Noticed a minotaur
 15972 | Gauntlet | Killed a minotaur
 15978 | Gauntlet | Identified the +5 mace "Junla" {distort, rElec rCorr Dex-2
                  | SInv}
 16439 | Lair:3   | Identified the +2 robe of Asceticism {rC++}
 16539 | Lair:2   | Found a hole to the Spider Nest.
 16598 | Lair:2   | Found a staircase to the Swamp.
 16776 | Spider:1 | Entered Level 1 of the Spider Nest
 16784 | Spider:1 | Reached XP level 15. HP: 118/129 MP: 0/0
 16784 | Spider:1 | Learned a level 6 spell: Eringya's Noxious Bog
 17237 | Spider:1 | Reached ****** piety under Makhleb
 17271 | Spider:1 | Found a transporter.
 17273 | Spider:1 | Noticed Dosmip's ghost (adept MiBe)
 17305 | Spider:1 | Found a transporter.
 17507 | Spider:2 | Noticed an emperor scorpion
 17516 | Spider:2 | Killed an emperor scorpion
 17749 | Spider:2 | Reached skill level 10 in Shields
 17808 | Spider:2 | Reached skill level 15 in Fighting
 18128 | Spider:3 | Killed a ghost moth
 18275 | Spider:3 | Noticed an emperor scorpion
 18328 | Spider:3 | Reached skill level 15 in Spellcasting
 19863 | Orc:1    | Entered Level 1 of the Orcish Mines
 19901 | Orc:1    | Noticed an orc warlord
 19917 | Orc:1    | Killed an orc warlord
 20001 | Orc:1    | Acquired 932 gold pieces
 20048 | Orc:1    | Reached XP level 16. HP: 127/138 MP: 0/0
 20219 | Orc:1    | You are sucked into a shaft and drop 1 floor!
 20219 | Orc:2    | Entered Level 2 of the Orcish Mines
 20219 | Orc:2    | Found a staircase to the Elven Halls.
 20788 | Orc:2    | Found Nelamam's Distillery.
 20788 | Orc:2    | Found Upuim's General Store.
 20806 | Orc:2    | Found Uppa's Antique Weapon Emporium.
 20806 | Orc:2    | Found Lupp's Magic Scroll Shoppe.
 20813 | Orc:2    | Bought a potion of brilliance for 60 gold pieces
 20813 | Orc:2    | Bought a potion of heal wounds for 75 gold pieces
 20815 | Orc:2    | Bought a scroll of acquirement for 624 gold pieces
 20858 | Orc:2    | Acquired a manual of Spellcasting
 21385 | D:12     | Noticed Sonja
 21390 | D:12     | Killed Sonja
 21461 | D:12     | Noticed Fannar
 21464 | D:12     | Killed Fannar
 21465 | D:12     | Reached skill level 5 in Dodging
 21791 | D:12     | Found a glowing golden altar of the Shining One.
 22108 | D:13     | Noticed Frances
 22117 | D:13     | Killed Frances
 22228 | D:13     | Found a flickering gateway to a bazaar.
 22237 | Bazaar   | Entered a bazaar
 22261 | Bazaar   | Found Huojon's General Store.
 22261 | Bazaar   | Found Temaobo's Assorted Antiques.
 22283 | Bazaar   | Found Wasel's Weapon Emporium.
 22299 | Bazaar   | Found Medum's General Store.
 22304 | Bazaar   | Bought a potion of invisibility for 96 gold pieces
 22315 | Bazaar   | Found Hanecic's General Store.
 22339 | Bazaar   | Bought a scroll of blinking for 105 gold pieces
 22381 | Bazaar   | Bought a wand of acid (8) for 160 gold pieces
 22381 | Bazaar   | Bought 2 potions of ambrosia for 320 gold pieces
 22381 | Bazaar   | Bought a scroll of immolation for 70 gold pieces
 22585 | D:13     | Found a gate to the Vaults.
 22608 | D:13     | Reached skill level 16 in Spellcasting
 22631 | D:13     | Noticed Nessos
 22642 | D:13     | Killed Nessos
 22967 | D:13     | You are sucked into a shaft and drop 2 floors!
 22967 | D:15     | Entered Level 15 of the Dungeon
 23077 | D:15     | Noticed Louise
 23087 | D:15     | Killed Louise
 23393 | D:15     | Found a staircase to the Depths.
 23554 | D:15     | Noticed Azrael
 23592 | D:15     | Killed Azrael
 23649 | D:14     | Reached XP level 17. HP: 141/144 MP: 0/0
 23649 | D:14     | Learned a level 6 spell: Starburst
 24210 | D:13     | Noticed Rupert
 24217 | D:13     | Killed Rupert
 24595 | Swamp:1  | Entered Level 1 of the Swamp
 24612 | Swamp:1  | Noticed Mlioglotl
 24620 | Swamp:1  | Noticed a tentacled starspawn
 24621 | Swamp:1  | Gained mutation: You have hidden genetic defects. [a
                  | neqoxec]
 24623 | Swamp:1  | Killed Mlioglotl
 24624 | Swamp:1  | Lost mutation: You have hidden genetic defects. [potion of
                  | mutation]
 24624 | Swamp:1  | Lost mutation: You are agile. (Dex +2) [potion of mutation]
 24624 | Swamp:1  | Gained mutation: You have hidden genetic defects. [potion
                  | of mutation]
 24624 | Swamp:1  | Lost mutation: You have hidden genetic defects. [potion of
                  | mutation]
 24671 | Swamp:1  | Reached skill level 17 in Spellcasting
 25225 | Swamp:2  | Noticed Roxanne
 25395 | Swamp:2  | Killed from afar by an eleionoma

Illustrated notes

Levels and vault maps discovered:
D:1:      ldierk_walled_garden, layout_basic, serial_shops,
          nicolae_shop_overgrown_old_shop, grunt_decor_mini_mirrors,
          chequers_serial_rivers_marsh, minmay_statues_item,
          kennysheep_another_room, lexackson_kobold_supper
D:2:      layout_loops_ring, chequers_serial_rivers_room_a, minmay_pentomino_x4
D:3:      layout_basic, serial_rivers, chequers_serial_rivers_micro_e,
          chequers_serial_rivers_micro_d, chequers_serial_rivers_room_a,
          chequers_serial_rivers_small_a, chequers_serial_rivers_micro_c,
          uniq_sigmund
D:4:      layout_loops_ring, gup_sewer_entry_spiral, minmay_box_of_dots,
          uniq_edmund
D:5:      layout_basic, minmay_overflow_temple_star_quad, ebering_ghost_sewer_f
D:6:      layout_basic, uniq_menkaure, uniq_grinder, uniq_prince_ribbit1,
          uniq_crazy_yiuf_cottage
D:7:      layout_basic, mainiacjoe_overflow_brackets, temple_statues
D:8:      layout_rooms, uniq_maurice
D:9:      layout_stronghold, mainiacjoe_overflow_cross_hatched,
          lair_entry_dummy, minmay_fractal_squares_gapless_5, uniq_psyche
D:10:     minmay_the_grid_four_pointed_star
          [minmay_the_grid_triangle_9x9_dagger,
          minmay_the_grid_triangle_9x9_zippers_horizontal,
          minmay_the_grid_triangle_9x9_warning,
          minmay_the_grid_triangle_9x9_limited_checkers,
          minmay_the_grid_prize_four_corners], layout_cave_pools,
          yredelemnul_altar_generic, amcnicky_mini_rare_corridor_liquid
D:11:     layout_loops_ring, david_orc_4, serial_shops, shop
D:12:     layout_stronghold, nicolae_tso_swordbearing_angel, uniq_sonja,
          uniq_fannar
D:13:     layout_basic, erik_vaults_2, serial_shops, bzr_entry_gold,
          minmay_fractal_squares_5, uniq_nessos, uniq_rupert, uniq_frances
D:14:     layout_small_grid, minmay_misc_feat_rows
D:15:     grunt_enter_depths_hoard, layout_basic, chequers_big_river,
          small_statue_alley_a, drop_trap, uniq_azrael, uniq_louise
Temple:   eino_temple_scatter_basement
Lair:1:   layout_chaotic_city, st_stairs_8, cheibrodos_lair_reptile_den,
          grunt_megastairs_3, serial_bayou_shore_a
Lair:2:   layout_cave_shapes, swamp_mist_pool, spider_nest_entry_a,
          beast_lair_carwin_10, uniq_urug, uniq_gastronok
Lair:3:   layout_misc_corridors, gauntlet_entry_generic,
          chequers_serial_rivers_small_b
Lair:4:   layout_gridlike, st_stairs_7
Lair:5:   layout_misc_corridors
Lair:6:   minmay_lair_end_enchanted_forest, layout_cave_pods, slime_altar_1,
          ice2_lemuel, infiniplex_staircase_pool_2
Swamp:1:  layout_basic_swamp, evilmike_swamp_ruin_house_2, uniq_mlioglotl
Swamp:2:  layout_basic_swamp, nicolae_swamp_treefoil,
          nicolae_swamp_fairy_circle, swamp_pool4, uniq_roxanne
Spider:1: gammafunk_ghost_mausoleum
Spider:2: layout_spider_delve
Spider:3: cheibrodos_spider_deadly_dance, spiders_nest_the_unseen,
          hangedman_spider_tarantella_strand
Orc:1:    giant_chief_lemuel, layout_caves, minmay_orc_temple_a
Orc:2:    st_orc_mages, layout_caves

Skill      XL: |  1  2  3  4  5  6  7  8  9 10 11 12 13 14 15 16 17 |
---------------+----------------------------------------------------+-----
Fighting       | 1 2 3 4 6 7 9 10 11 13 14 15 | 15.6
Spellcasting   | 4 5 6 7 8 10 11 13 14 15 16 17 | 17.4
Shields        | 2 6 9 11 12 13 | 13.8
Dodging        | 3 7 9 |  9.8
Stealth        | |  1.5

Action                   |  1- 3 |  4- 6 |  7- 9 | 10-12 | 13-15 | 16-18 || total
-------------------------+-------+-------+-------+-------+-------+-------++-------
Melee: Unarmed           |       |     7 |       |       |       |       ||     7
       Flail             |       |       |    16 |     1 |       |       ||    17
       Short sword       |       |       |       |     2 |    11 |    15 ||    28
 Cast: Magic Dart        |    33 |       |       |       |       |       ||    33
       Searing Ray       |    16 |     1 |     4 |     5 |     3 |       ||    29
       Sandblast         |     7 |    66 |    69 |   108 |   112 |    65 ||   427
       Poisonous Vapours |       |       |    32 |    30 |    75 |    14 ||   151
       Iskenderun's Myst |       |       |    19 |    60 |   224 |   124 ||   427
       Fulminant Prism   |       |       |     2 |    14 |     6 |     6 ||    28
       Ignite Poison     |       |       |    10 |    16 |    95 |    48 ||   169
       Animate Dead      |       |       |       |       |     1 |       ||     1
       Eringya's Noxious |       |       |       |       |    37 |    36 ||    73
       Starburst         |       |       |       |       |       |    80 ||    80
       Yara's Violent Un |       |       |       |       |       |     1 ||     1
Evoke: Wand              |       |       |       |       |       |     4 ||     4
  Use: Scroll            |     3 |     1 |     7 |    11 |     7 |    12 ||    41
       Potion            |       |     1 |       |     5 |     1 |     8 ||    15
 Stab: Sleeping          |       |       |     2 |       |       |       ||     2
Armor: Robe              |     5 |     3 |    11 |    18 |    79 |    15 ||   131
       Troll leather arm |       |       |       |       |       |    10 ||    10
Dodge: Dodged            |    14 |    15 |    28 |    42 |   153 |    81 ||   333
Block: Tower shield      |       |       |       |       |     5 |   168 ||   173

Table legend: (Time is in decaauts)
 A = Elapsed time spent in this place.
 B = Non-inter-level travel time spent in this place.
 C = Inter-level travel time spent in this place.
 D = Time resting spent in this place.
 E = Time spent auto-exploring this place.
 F = Levels seen in this place.
 G = Mean time per level.
                   A        B        C        D        E       F      G
               +--------+--------+--------+--------+--------+-----+--------+
         Total |  26264 |  24531 |   1733 |    643 |  19301 |  32 |  820.8 |
       Dungeon |  16363 |  15421 |    942 |    483 |  12868 |  15 | 1090.9 |
        Temple |    225 |    173 |     52 |      0 |    155 |   1 |  225.0 |
          Lair |   4950 |   4404 |    546 |     69 |   3250 |   6 |  825.0 |
         Swamp |    819 |    802 |     17 |      0 |    592 |   2 |  409.5 |
   Spider Nest |   1770 |   1635 |    135 |     54 |   1211 |   3 |  590.0 |
  Orcish Mines |   1116 |   1077 |     39 |      0 |    630 |   2 |  558.0 |
        Bazaar |    223 |    223 |      0 |      0 |     94 |   1 |  223.0 |
         Sewer |    356 |    356 |      0 |      0 |    284 |   1 |  356.0 |
      Gauntlet |    438 |    438 |      0 |     36 |    213 |   1 |  438.0 |
               +--------+--------+--------+--------+--------+-----+--------+

Top non-repeatable levels by time:
     D:1: 1724 daAuts
     D:6: 1626 daAuts
     D:7: 1344 daAuts
     D:4: 1328 daAuts
  Lair:6: 1311 daAuts
     D:5: 1243 daAuts
    D:12: 1241 daAuts
    D:13: 1095 daAuts
     D:9: 1005 daAuts
    D:11: 983 daAuts
    D:10: 926 daAuts
     D:2: 924 daAuts
  Lair:1: 897 daAuts
     D:3: 889 daAuts
Spider:1: 819 daAuts
